 Dungeon Crawl Stone Soup version 0.20.1-1-g8b1a95d (webtiles) character file.

16622 KoningWillie the Fencer (level 12, -4/110 HPs)
             Began as a Minotaur Fighter on Sept 29, 2017.
             Was an Elder of Fedhas.
             Splashed by a brown ugly thing's acid (8 damage)
             ... on level 14 of the Dungeon.
             The game lasted 00:33:06 (10120 turns).

KoningWillie the Fencer (Minotaur Fighter)         Turns: 10120, Time: 00:33:07

Health: -4/110     AC: 14    Str: 26    XL:     12   Next: 11%
Magic:  11/11      EV:  9    Int:  9    God:    Fedhas [****..]
Gold:   260        SH:  0    Dex: 10    Spells: 11/11 levels left

rFire    . . .     SeeInvis +   L - +3 great sword
rCold    + + .     Gourm    .   (shield currently unavailable)
rNeg     . . .     Faith    .   D - +2 chain mail
rPois    .         Spirit   .   u - +1 hat
rElec    .         Reflect  .   (no cloak)
rCorr    .         Harm     .   K - +2 pair of gloves
MR       +....                  v - +2 pair of boots
Stlth    ..........             B - amulet of regeneration
Regen    0.7/turn               E - ring of Pykloyrgh {+Fly rC++ Int+4 SInv}
MPRegen  0.2/turn               A - ring of protection from magic

@: corroded
A: retaliatory headbutt, horns 2
a: Fungal Bloom, Evolution, Sunlight, Growth, Reproduction, Renounce Religion,
Evoke Flight


You were on level 14 of the Dungeon.
You worshipped Fedhas.
Fedhas was greatly pleased with you.
You were not hungry.

You visited 2 branches of the dungeon, and saw 16 of its levels.

You collected 830 gold pieces.
You spent 570 gold pieces at shops.

Inventory:

Hand Weapons
 L - a +3 great sword (weapon)
Armour
 u - a +1 hat (worn)
 v - a +2 pair of boots (worn)
 D - a +2 chain mail (worn)
 K - a +2 pair of gloves (worn)
Jewellery
 j - an uncursed ring of stealth
 o - a +4 ring of dexterity
 t - an uncursed ring of fire
 A - a ring of protection from magic (right hand)
 B - an amulet of regeneration (around neck)
 C - an uncursed ring of wizardry
 E - the ring of Pykloyrgh (left hand) {+Fly rC++ Int+4 SInv}
   (You bought it in a shop on level 10 of the Dungeon)

   [ring of flight]

   It affects your intelligence (+4).
   It greatly protects you from cold.
   It lets you see invisible.
   It lets you fly.
 M - an uncursed ring of protection from magic
Wands
 c - a wand of confusion (21/48)
 q - a wand of lightning (5/15)
 I - a wand of iceblast (9/15)
Scrolls
 a - a scroll of identify
 h - 8 scrolls of remove curse
 y - 3 scrolls of amnesia
Potions
 b - a potion of cancellation
 e - a potion of brilliance
 g - a potion of invisibility
 s - a potion of agility
 H - a potion of flight
Books
 w - a book of Changes

   Spells                             Type                      Level
   a - Beastly Appendage              Transmutation                1
   b - Sticks to Snakes               Transmutation                2
   c - Spider Form                    Transmutation/Poison         3
   d - Ice Form                       Ice/Transmutation            4
   e - Blade Hands                    Transmutation                5
 J - a book of Flames

   Spells                             Type                      Level
   a - Flame Tongue                   Conjuration/Fire             1
   b - Throw Flame                    Conjuration/Fire             2
   c - Conjure Flame                  Conjuration/Fire             3
   d - Inner Flame                    Hexes/Fire                   3
   e - Sticky Flame                   Conjuration/Fire             4
   f - Fireball                       Conjuration/Fire             5
 N - a book of Necromancy

   Spells                             Type                      Level
   a - Pain                           Necromancy                   1
   b - Animate Skeleton               Necromancy                   1
   c - Vampiric Draining              Necromancy                   3
   d - Regeneration                   Charms/Necromancy            3
   e - Animate Dead                   Necromancy                   4
   f - Control Undead                 Necromancy                   4
Miscellaneous
 G - a phantom mirror
Comestibles
 f - 2 bread rations
 i - 23 fruits
 k - 13 royal jellies
 r - a meat ration


   Skills:
 + Level 11.5 Fighting
 + Level 16.1 Long Blades
 + Level 12.6 Armour
   Level 3.9 Shields


You had 11 spell levels left.
You didn't know any spells.

Dungeon Overview and Level Annotations

Branches:
Dungeon (15/15)            Temple (1/1) D:4             Orc (0/2) D:11
   Lair: D:8-11      Vaults: D:13-14     Depths: D:15

Altars:
Fedhas
Hepliaklqana
Okawaru
Trog
Uskayaw
Vehumet
Xom
Zin
The Shining One

Shops:
D:8 :   D:10 *

Annotations:
D:8 Teleutos's ghost, novice HuFi
D:9 malin's ghost, novice GrFi


Innate Abilities, Weirdness & Mutations

You reflexively headbutt those who attack you in melee.
You have a pair of horns on your head.


Message History

The white ugly thing tail-slaps you but does no damage.
Okay, then.
As you read the scroll of fear, it crumbles to dust.
You assume a fearsome visage.
The brown ugly thing looks frightened!
The white ugly thing looks frightened!
The brown ugly thing looks frightened!
The white ugly thing resists with some effort.
The purple ugly thing looks frightened!
The brown ugly thing basks in the mutagenic energy from its kin and changes!
The white ugly thing tail-slaps you!
* * * LOW HITPOINT WARNING * * *
The white ugly thing freezes you! You resist.
* * * LOW HITPOINT WARNING * * *
As you read the scroll of fog, it crumbles to dust.
The scroll dissolves into smoke.
The white ugly thing tail-slaps you but does no damage.
The brown ugly thing claws you.
* * * LOW HITPOINT WARNING * * *
You are splashed with acid!
The acid burns!
You die...
Fedhas appreciates your contribution to the ecosystem.

#...# #..!# #...#
#...# #...#######
#uu........
#u.§.......
#.§u###### #.u§@§§..#
#.§u#§...# #.§.#§§..#
#...######..
#............#
#....#######.#.......
####.#..)..#.#.......
#.#.....#.#.......
####.#..!..#.#.......


You could see 6 ugly things.

Vanquished Creatures
  Nessos (D:12)
  A fire dragon (D:15)
  The ghost of Nattfarinn the Cleaver, a journeyman GrBe of Trog (D:11)
  3 two-headed ogres
  2 tengu warriors
  A wizard (D:12)
  2 manticores
  2 centaur zombies (D:12)
  Psyche (D:11)
  A komodo dragon (D:12)
  2 ice devils (D:11)
  A meliai (shapeshifter) (D:15)
  6 trolls
  A slime creature (D:11)
  A hippogriff (D:13)
  A shadow (D:12)
  2 wraiths
  A wyvern (D:12)
  A vampire (D:15)
  A hungry ghost (D:11)
  4 vampire mosquitoes (D:11)
  A steam dragon (D:12)
  2 acid dragons (D:12)
  A water moccasin (D:11)
  4 orc warriors
  3 sky beasts
  3 phantoms
  A necrophage (D:10)
  4 ogres
  3 centaurs
  A crocodile (D:12)
  A big kobold (D:11)
  5 bullfrogs
  A gnoll sergeant (D:9)
  A scorpion (D:5)
  A wyvern skeleton (D:8)
  7 killer bees
  3 wights (D:12)
  7 crimson imps
  6 jellies
  2 quasits
  A bullfrog zombie (D:9)
  7 hounds
  3 orc priests
  2 centaur skeletons
  3 iguanas
  4 orc wizards
  2 bullfrog skeletons
  Natasha (thrice) (D:2)
  5 worker ants
  A worker ant zombie (D:7)
  10 gnolls
  A howler monkey skeleton (D:10)
  9 adders
  2 shadow imps
  6 oozes
  A worm (D:6)
  A dart slug (D:1)
  5 leopard geckos
  35 orcs
  12 bats
  4 giant cockroaches
  10 goblins
  7 hobgoblins
  8 jackals
  11 kobolds
  4 quokkas
  2 frilled lizards (D:1)
  A giant cockroach zombie (D:6)
  A leopard gecko zombie (D:7)
  A quokka skeleton (D:5)
  A quokka zombie (D:8)
  10 rats
266 creatures vanquished.

Vanquished Creatures (others)
  A bullfrog skeleton (D:5)
  A worker ant zombie (D:11)
  2 bushes (D:8)
  5 fungi (D:8)
  18 plants (D:8)
  147 toadstools
174 creatures vanquished.

Grand Total: 440 creatures vanquished

Notes
Turn   | Place    | Note
-------+----------+-------------------------------------------
     0 | D:1      | KoningWillie the Minotaur Fighter began the quest for the Orb.
     0 | D:1      | Reached XP level 1. HP: 19/19 MP: 0/0
   140 | D:1      | Reached XP level 2. HP: 27/27 MP: 1/1
   588 | D:1      | Reached XP level 3. HP: 33/33 MP: 2/2
   666 | D:2      | Noticed Natasha
   671 | D:2      | Killed Natasha
   671 | D:2      | Reached skill level 3 in Long Blades
   825 | D:2      | Noticed Natasha
   835 | D:2      | Killed Natasha
   835 | D:2      | Reached XP level 4. HP: 25/41 MP: 3/3
   956 | D:2      | Noticed Natasha
   968 | D:2      | Killed Natasha
   968 | D:2      | Reached skill level 4 in Long Blades
  1374 | D:3      | Reached XP level 5. HP: 40/47 MP: 4/4
  1415 | D:3      | Reached skill level 5 in Fighting
  1422 | D:3      | Found a radiant altar of Vehumet.
  1868 | D:3      | Found an iron altar of Okawaru.
  2211 | D:4      | Found a staircase to the Ecumenical Temple.
  2219 | Temple   | Entered the Ecumenical Temple
  2235 | Temple   | Became a worshipper of Fedhas Madash
  2321 | D:4      | Reached skill level 5 in Armour
  2430 | D:4      | Noticed an ogre
  2464 | D:5      | Entered Level 5 of the Dungeon
  2468 | D:5      | Reached skill level 5 in Long Blades
  2689 | D:5      | Reached XP level 6. HP: 49/56 MP: 5/5
  2830 | D:5      | Reached skill level 6 in Long Blades
  3303 | D:5      | Reached XP level 7. HP: 52/61 MP: 6/6
  3575 | D:6      | Reached skill level 7 in Long Blades
  3766 | D:6      | Reached * piety under Fedhas
  4370 | D:7      | Reached skill level 8 in Long Blades
  4370 | D:7      | Reached XP level 8. HP: 27/70 MP: 7/7
  4494 | D:7      | Found a glowing silver altar of Zin.
  4494 | D:7      | Noticed an angel
  4747 | D:7      | Found a glowing golden altar of the Shining One.
  4977 | D:8      | Reached ** piety under Fedhas
  5031 | D:8      | Reached skill level 9 in Long Blades
  5186 | D:8      | Found Henn's Book Shop.
  5436 | D:8      | Noticed Teleutos's ghost (novice HuFi)
  5546 | D:9      | Reached skill level 10 in Long Blades
  5589 | D:9      | Reached XP level 9. HP: 75/79 MP: 8/8
  5810 | D:9      | Noticed malin's ghost (novice GrFi)
  5829 | D:10     | Entered Level 10 of the Dungeon
  6092 | D:10     | Found Kefe's Assorted Antiques.
  6099 | D:10     | Bought a scratched steel ring for 190 gold pieces
  6099 | D:10     | Bought a potion of heal wounds for 190 gold pieces
  6099 | D:10     | Bought a smoking marble ring for 190 gold pieces
  6103 | D:10     | Identified the ring of Pykloyrgh {+Fly rC++ Int+4 SInv} (You bought it in a shop on level 10 of the Dungeon)
  6158 | D:10     | Reached skill level 11 in Long Blades
  6167 | D:10     | Noticed Psyche
  6205 | D:11     | Killed Psyche
  6226 | D:11     | Reached skill level 10 in Armour
  6232 | D:11     | Reached *** piety under Fedhas
  6409 | D:11     | Reached skill level 12 in Long Blades
  6438 | D:11     | Reached XP level 10. HP: 86/90 MP: 9/9
  6504 | D:11     | Noticed Nattfarinn's ghost (journeyman GrBe)
  6574 | D:11     | Killed Nattfarinn's ghost
  6892 | D:11     | Found a blossoming altar of Fedhas.
  6894 | D:11     | Noticed an oklob plant
  6894 | D:11     | Noticed an oklob plant
  6950 | D:11     | Found a staircase to the Orcish Mines.
  7400 | D:12     | Reached skill level 13 in Long Blades
  7651 | D:12     | Noticed a two-headed ogre
  7692 | D:13     | Noticed a tengu warrior
  7943 | D:12     | Killed a tengu warrior
  7962 | D:12     | Reached XP level 11. HP: 94/99 MP: 10/10
  8011 | D:12     | Reached skill level 10 in Fighting
  8035 | D:12     | Reached skill level 14 in Long Blades
  8175 | D:12     | Noticed a two-headed ogre
  8189 | D:12     | Killed a two-headed ogre
  8511 | D:12     | Noticed a wizard
  8517 | D:12     | Killed a wizard
  8562 | D:12     | Noticed Nessos
  8568 | D:12     | Killed a two-headed ogre
  8584 | D:12     | Killed Nessos
  8712 | D:12     | Reached skill level 15 in Long Blades
  9095 | D:13     | Reached **** piety under Fedhas
  9196 | D:13     | Noticed a centaur warrior
  9203 | D:13     | Noticed a white ugly thing
  9394 | D:14     | Noticed a purple ugly thing
  9394 | D:14     | Noticed a purple ugly thing
  9394 | D:14     | Noticed a purple ugly thing
  9425 | D:14     | Noticed a green ugly thing
  9426 | D:14     | Noticed a green ugly thing
  9426 | D:14     | Noticed a green ugly thing
  9426 | D:14     | Noticed a green ugly thing
  9427 | D:14     | Noticed a green ugly thing
  9603 | D:15     | Entered Level 15 of the Dungeon
  9603 | D:15     | Noticed a fire dragon
  9611 | D:15     | Killed a fire dragon
  9680 | D:15     | Noticed a tengu warrior
  9684 | D:15     | Noticed a two-headed ogre
  9692 | D:15     | Noticed an ogre mage
  9723 | D:14     | Killed a tengu warrior
  9723 | D:14     | Reached XP level 12. HP: 26/110 MP: 11/11
  9726 | D:14     | HP: 2/110 [two-headed ogre/giant club (8)]
  9727 | D:14     | Killed a two-headed ogre
  9727 | D:14     | Reached skill level 16 in Long Blades
  9946 | D:15     | Noticed a centaur warrior
  9947 | D:15     | Noticed an ettin
 10120 | D:14     | HP: 4/110 [brown ugly thing (3)]
 10120 | D:14     | Splashed by a brown ugly thing's acid

Skill      XL: |  1  2  3  4  5  6  7  8  9 10 11 12 |
---------------+-------------------------------------+-----
Fighting       | 4 5 6 7 8 9 11 | 11.5
Long Blades    | 3 4 5 6 8 10 12 13 15 16 | 16.1
Armour         | 4 5 6 7 8 10 11 12 | 12.6
Shields        | |  3.9

Action                   |  1- 3 |  4- 6 |  7- 9 | 10-12 || total
-------------------------+-------+-------+-------+-------++-------
Melee: Long sword        |    54 |   168 |   318 |   261 ||   801
       Headbutt          |     7 |    30 |    70 |    94 ||   201
       Great sword       |       |       |       |   191 ||   191
Invok: Fungal Bloom      |       |     5 |    26 |     9 ||    40
  Use: Scroll            |     3 |     7 |     9 |    18 ||    37
       Potion            |       |       |     4 |     8 ||    12
  Eat: Bread ration      |       |     2 |     1 |     1 ||     4
       Meat ration       |       |       |     1 |     2 ||     3
Armor: Scale mail        |    26 |    95 |    25 |       ||   146
       Chain mail        |       |       |   120 |   338 ||   458
Dodge: Dodged            |    16 |    54 |    87 |   177 ||   334
Block: Shield            |    37 |   108 |   166 |    89 ||   400
       Rpst.: Long sword |     3 |    18 |    30 |    13 ||    64
       Great sword       |       |       |       |    28 ||    28
